 Dungeon Crawl Stone Soup version 0.16-a0-783-gf476f6a (webtiles) character file.

16 RobertPalmer the Ogre Mage (level 2, 0/24 HPs)
             Began as an Ogre Air Elementalist on Sept 26, 2014.
             Slain by a jackal (3 damage)
             ... on Level 1 of the Dungeon.
             The game lasted 00:03:53 (1150 turns).

RobertPalmer the Ogre Mage (Ogre Air Elementalist)  Turns: 1150, Time: 00:03:53

HP   0/24        AC  3     Str 12      XL: 2   Next: 58%
MP   5/5         EV 10     Int 19      God:
Gold 0           SH  0     Dex 10      Spells:  1 memorised,  4 levels left

rFire  . . .     SeeInvis .     a - +0 whip (drain)
rCold  . . .     Clarity  .     h - +0 robe
rNeg   . . .     rCorr    .     (shield restricted)
rPois  .         rRot     .     (helmet restricted)
rElec  .         Spirit   .     (no cloak)
SustAb .         Warding  .     (gloves unavailable)
rMut   .         Stasis   .     (boots unavailable)
Gourm  .                        (no amulet)
MR     .....                    (no ring)
                                (no ring)

@: brilliant, drained, not resistant to hostile enchantments, very unstealthy
A: unfitting armour, tough skin 1
a: no special abilities


You were on level 1 of the Dungeon.
You were not hungry.

You visited 1 branch of the dungeon, and saw 1 of its levels.


Innate Abilities, Weirdness & Mutations

You are too large for most types of armour.
You have tough skin (AC +1).


   Skills:
 + Level 2.1(1.9) Maces & Flails
 - Level 2.2(2.0) Dodging
 - Level 1.5(1.4) Stealth
 - Level 2.4(2.2) Spellcasting
 - Level 0.6(0.4) Conjurations
 - Level 2.1(2.0) Air Magic


You had 4 spell levels left.
You knew the following spells:

 Your Spells              Type           Power        Failure   Level  Hunger
z - Shock                 Conj/Air       ###.         1%          1    #......

Inventory:

Hand weapons
 a - a +0 whip of draining (weapon)
Armour
 h - a +0 robe (worn)
Comestibles
 c - a meat ration
Jewellery
 e - an uncursed amulet of rage {unknown}
Books
 b - a book of Air

Dungeon Overview and Level Annotations

Branches:
Dungeon (1/15)

Altars:

##......## ##........#
#.......... #...?......
###########..........
###....##..............
#...b.................?
#......h.....#.......)#
###...@#..............#
#######..............
#...$..........
#..............
#.........)..(.
#.#........[(((
...............
.....##......##
.......#####...


You could see a jackal and a bat.


Message History

The jackal bites you.
* * * LOW HITPOINT WARNING * * *
The jackal closely misses you.
The jackal bites you but does no damage.
You hit the jackal but do no damage. The bat barely misses you.
The jackal barely misses you. The jackal closely misses you. The bat hits you.
* * * LOW HITPOINT WARNING * * *
You closely miss the jackal. The bat closely misses you.
The jackal bites you but does no damage.
The jackal barely misses you.
The jackal bites you but does no damage.
The jackal barely misses you.
You hit the jackal but do no damage. The bat hits you.
* * * LOW HITPOINT WARNING * * *
The jackal bites you but does no damage.
The jackal barely misses you.
Drink which item? (? for menu, Esc to quit)
You feel clever all of a sudden.
It was a potion of brilliance.
The bat hits you.
* * * LOW HITPOINT WARNING * * *
The bat closely misses you. The jackal closely misses you.
The jackal bites you.
* * * LOW HITPOINT WARNING * * *
You hit the jackal.
You kill the jackal!
The bat barely misses you. The jackal barely misses you.
The jackal closely misses you.
You barely miss the jackal. The bat hits you but does no damage.
The jackal bites you.
You die...

Action                   || total
-------------------------++-------
Melee: Unarmed           ||    24
       Club              ||    19
       Whip              ||    19
 Cast: Shock             ||    19
  Use: Potion            ||     1
  Eat: Chunk             ||     1

Vault maps used:
D:1:      dpeg_arrival_chambers_temple_mockup

Notes
Turn   | Place    | Note
--------------------------------------------------------------
     0 | D:1      | RobertPalmer, the Ogre Air Elementalist, began the quest for the Orb.
     0 | D:1      | Reached XP level 1. HP: 16/16 MP: 3/3
   321 | D:1      | Reached skill level 2 in Dodging
   883 | D:1      | Reached skill level 1 in Maces & Flails
   883 | D:1      | Reached XP level 2. HP: 13/24 MP: 5/5
  1032 | D:1      | Reached skill level 2 in Maces & Flails
  1150 | D:1      | Slain by a jackal

Vanquished Creatures
  A bat (D:1)
  A giant cockroach (D:1)
  2 hobgoblins (D:1)
  A jackal (D:1)
  A quokka (D:1)
  3 goblins (D:1)
  3 kobolds (D:1)
  4 rats (D:1)
16 creatures vanquished.
